 Dungeon Crawl Stone Soup version 0.28.0-53-g5a82cb258f (webtiles) character file.

Game seed: 13595570406793326409

220580 Peloso the Hoplite (level 18, -9/157 (172) HPs)
             Began as a Minotaur Fighter on May 25, 2022.
             Was the Champion of Okawaru.
             Mangled by a merfolk
             ... wielding a +0 trident
              (36 damage)
             ... on level 4 of the Shoals.
             The game lasted 02:07:01 (45452 turns).

Peloso the Hoplite (Minotaur Fighter)              Turns: 45452, Time: 02:07:02

HP:   -9/157 (172)  AC: 33    Str: 36    XL:     18   Next: 85%
MP:   26/26         EV:  2    Int: 10    God:    Okawaru [******]
Gold: 2128          SH:  0    Dex: 23    Spells: 17/17 levels left

rFire   + + .      SeeInvis +   c - +7 falchion "Faranyph" {venom, Fly rElec rCorr Stlth-}
rCold   + + .      Faith    .   h - +1 tower shield {rC+}
rNeg    . . .      Spirit   .   u - +0 gold dragon scales "Dankicav" {*Slow rElec rPois rF+ rC+ Dex+4}
rPois   +          Reflect  +   r - +2 hat
rElec   +          Harm     .   t - +1 cloak {Will+}
rCorr   +          Rampage  .   K - +2 pair of gloves of Loag {rElec Int-4 Dex+6}
Will    ++...                   D - +2 pair of boots
Stlth   ..........              p - amulet of Azycynaf {Reflect Drain rElec Regen+ Int+6 SH+5}
HPRegen 1.16/turn               G - ring of Arghef {rElec rF+ Str+6 Slay+3}
MPRegen 0.20/turn               J - ring of Nenust {MP+9 Str+2 Int+3 SInv}

@: sleeping, flying, slowed, studying Evocations, drained
A: horns 2, retaliatory headbutt, agile 1, low MP 1
a: Renounce Religion, Heroism, Finesse, Duel


You were on level 4 of the Shoals.
You worshipped Okawaru.
Okawaru was exalted by your worship.
You visited 7 branches of the dungeon, and saw 33 of its levels.
You visited the Abyss 1 time.
You also visited: Sewer, Ossuary, Gauntlet, Ice Cave and Volcano.

You collected 3902 gold pieces.
You spent 1774 gold pieces at shops.

Inventory:

Hand Weapons
 a - a +4 double sword of draining
 b - a +2 demon blade of flaming
 c - the +7 falchion "Faranyph" (weapon) {venom, Fly rElec rCorr Stlth-}
   (Okawaru gifted it to you on level 6 of the Lair of Beasts)

   It poisons the flesh of those it strikes.
   rElec:     It insulates you from electricity.
   Fly:       It grants you flight.
   rCorr:     It protects you from acid and corrosion.
   Stlth:     It makes you less stealthy.
 H - a +2 double sword of protection
Missiles
 e - a throwing net (quivered)
Armour
 h - a +1 tower shield of cold resistance (worn)
 r - a +2 hat (worn)
 t - a +1 cloak of willpower (worn)
 u - the +0 gold dragon scales "Dankicav" (worn) {*Slow rElec rPois rF+ rC+ Dex+4}
   (Okawaru gifted it to you on level 2 of the Orcish Mines)

   Dex:       It affects your dexterity (+4).
   rF:        It protects you from fire.
   rC:        It protects you from cold.
   rElec:     It insulates you from electricity.
   rPois:     It protects you from poison.
   *Slow:     It may slow you when you take damage.
 y - a scarf of resistance
 D - a +2 pair of boots (worn)
 K - the +2 pair of gloves of Loag (worn) {rElec Int-4 Dex+6}
   (You bought it in a shop on level 7 of the Dungeon)

   Int:       It affects your intelligence (-4).
   Dex:       It affects your dexterity (+6).
   rElec:     It insulates you from electricity.
Jewellery
 d - a ring of flight
 p - the amulet of Azycynaf (around neck) {Reflect Drain rElec Regen+ Int+6 SH+5}
   (You bought it in a shop on level 1 of the Snake Pit)

   [amulet of reflection]

   It reflects blocked missile attacks.
   Int:       It affects your intelligence (+6).
   rElec:     It insulates you from electricity.
   Regen:     It increases your rate of health regeneration.
   Drain:     It drains your maximum health when unequipped.
   SH:        It affects your SH (+5).
 G - the ring of Arghef (left hand) {rElec rF+ Str+6 Slay+3}
   (You found it on level 14 of the Dungeon)

   [ring of strength]

   Str:       It affects your strength (+6).
   Slay:      It affects your accuracy & damage with ranged weapons and melee
   (+3).
   rF:        It protects you from fire.
   rElec:     It insulates you from electricity.
 J - the ring of Nenust (right hand) {MP+9 Str+2 Int+3 SInv}
   (You took it off a wight on level 8 of the Dungeon)

   [ring of see invisible]

   Str:       It affects your strength (+2).
   Int:       It affects your intelligence (+3).
   MP:        It affects your magic capacity (+9).
   SInv:      It lets you see invisible.
Wands
 o - a wand of iceblast (12)
Scrolls
 i - a scroll of acquirement
 k - 2 scrolls of fog
 n - 2 scrolls of enchant weapon
 q - 11 scrolls of blinking
 s - a scroll of enchant armour
 v - 5 scrolls of noise
 A - 2 scrolls of magic mapping
 B - 7 scrolls of immolation
 C - 2 scrolls of fear
 T - 20 scrolls of identify
 W - 11 scrolls of teleportation
Potions
 f - a potion of mutation
 g - 8 potions of curing
 j - 5 potions of resistance
 l - 6 potions of haste
 m - 5 potions of heal wounds
 x - 3 potions of might
 z - a potion of cancellation
 L - 6 potions of berserk rage


   Skills:
 + Level 18.0 Fighting
 + Level 20.7 Long Blades
 + Level 16.3 Armour
 + Level 10.7 Dodging
 + Level 3.2 Stealth
 + Level 23.7 Shields
 + Level 0.7 Unarmed Combat
 + Level 3.5 Invocations
 + Level 2.1 Evocations


You had 17 spell levels left.
You didn't know any spells.
Your spell library contained the following spells:

 Spells                   Type           Power      Damage    Failure   Level
 Apportation              Tloc           0%         N/A       99%         1
 Pain                     Necr           0%         1d4       99%         1
 Sting                    Tmut/Pois      0%         1d3       99%         1
 Blink                    Tloc           0%         N/A       100%        2
 Ensorcelled Hibernation  Hex/Ice        0%         N/A       100%        2
 Passwall                 Tmut/Erth      0%         N/A       100%        2
 Poisonous Vapours        Pois/Air       0%         N/A       100%        2
 Scorch                   Fire           0%         2d5       100%        2
 Sublimation of Blood     Necr           0%         N/A       100%        2
 Wereblood                Tmut           0%         N/A       100%        2
 Conjure Flame            Conj/Fire      0%         6-21      100%        3
 Dazzling Flash           Conj/Hex       0%         N/A       100%        3
 Gell's Gravitas          Tloc           0%         N/A       100%        3
 Ignite Poison            Fire/Tmut/Pois 0%         N/A       100%        3
 Lesser Beckoning         Tloc           0%         N/A       100%        3
 Ozocubu's Armour         Ice            0%         N/A       100%        3
 Portal Projectile        Hex/Tloc       0%         N/A       100%        3
 Spider Form              Tmut/Pois      0%         N/A       100%        3
 Swiftness                Air            0%         N/A       100%        3
 Teleport Other           Tloc           0%         N/A       100%        3
 Airstrike                Air            0%         N/A       100%        4
 Anguish                  Hex/Necr       0%         N/A       100%        4
 Dispel Undead            Necr           0%         3d6       100%        4
 Flame Wave               Conj/Fire      0%         2d4       100%        4
 Hailstorm                Conj/Ice       0%         3d3       100%        4
 Leda's Liquefaction      Hex/Erth       0%         N/A       100%        4
 Olgreb's Toxic Radiance  Pois           0%         N/A       100%        4
 Petrify                  Tmut/Erth      0%         N/A       100%        4
 Alistair's Intoxication  Tmut/Pois      0%         N/A       100%        5
 Blade Hands              Tmut           0%         N/A       100%        5
 Fireball                 Conj/Fire      0%         3d3       100%        5
 Freezing Cloud           Conj/Ice/Air   0%         6-21      100%        5
 Iskenderun's Battlesphe  Conj           0%         2d6       100%        5
 Lee's Rapid Deconstruct  Erth           0%         3d5*      100%        5
 Lightning Bolt           Conj/Air       0%         1d11      100%        5
 Metabolic Englaciation   Hex/Ice        0%         N/A       100%        5
 Conjure Ball Lightning   Conj/Air       0%         3x3d6     100%        6
 Iron Shot                Conj/Erth      0%         9d1       100%        6
 Statue Form              Tmut/Erth      0%         N/A       100%        6
 Orb of Destruction       Conj           0%         9d5       100%        7
 Ozocubu's Refrigeration  Ice            0%         4d5       100%        7
 Borgnjor's Revivificati  Necr           0%         N/A       100%        8
 Necromutation            Tmut/Necr      0%         N/A       100%        8
 Chain Lightning          Conj/Air       0%         N/A       100%        9
 Death's Door             Necr           0%         N/A       100%        9
 Fire Storm               Conj/Fire      0%         5d1       100%        9
 Polar Vortex             Ice            0%         N/A       100%        9
 Summon Guardian Golem    Hex/Summ       Unusable   N/A       N/A         3
 Animate Armour           Summ/Erth      Unusable   N/A       N/A         4
 Summon Lightning Spire   Summ/Air       Unusable   N/A       N/A         4
 Summon Mana Viper        Hex/Summ       Unusable   N/A       N/A         5
 Simulacrum               Ice/Necr       Unusable   N/A       N/A         6
 Summon Cactus Giant      Summ           Unusable   N/A       N/A         6
 Haunt                    Necr/Summ      Unusable   N/A       N/A         7
 Spellforged Servitor     Conj/Summ      Unusable   N/A       N/A         7
 Summon Hydra             Summ           Unusable   N/A       N/A         7

Dungeon Overview and Level Annotations

Branches:
Dungeon (15/15)            Temple (1/1) D:4            Lair (6/6) D:10
 Shoals (4/4) Lair:2        Snake (2/4) Lair:2        Slime (0/5) Lair:6
    Orc (2/2) D:10            Elf (3/3) Orc:2        Vaults (0/5) D:14
 Depths (0/4) D:15          Sewer (visited)         Ossuary (visited)
  IceCv (visited)         Volcano (visited)         Gauntlet (visited)

Altars:
Ashenzari
Cheibriados
Dithmenos
Elyvilon
Fedhas
Gozag
Kikubaaqudgha
Makhleb
Nemelex Xobeh
Okawaru
Qazlal
Sif Muna
Trog
Uskayaw
Vehumet
Xom
Yredelemnul
Zin
The Shining One
Beogh
Jiyva

Shops:
D:7 ([[??   Orc:2 ::=:[   Elf:1 ?(:   Elf:2 *   Elf:3 !   Snake:1 *   Snake:2 :

Annotations:
Shoals:4 Ilsuiw
Elf:2 3 runed translucent doors


Innate Abilities, Weirdness & Mutations

You have a pair of horns on your head.
You reflexively headbutt those who attack you in melee.
You are agile. (Dex +2)
Your magical capacity is low. (-10% MP)


Message History

* * * LOW HITPOINT WARNING * * *
Your lungs strain for air!
The merfolk impaler hits you from afar with a +0 demon trident of draining.
* * * LOW HITPOINT WARNING * * *
You feel drained.
The merfolk siren chants its luring song.
You block Ilsuiw's attack.
You block the water elemental's attack. x2
The merfolk impaler hits you from afar with a +0 demon trident of draining!
* * * LOW HITPOINT WARNING * * *
You feel drained.
* * * LOW HITPOINT WARNING * * *
The merfolk javelineer throws a silver javelin.
The silver javelin pierces through you but does no damage.
The silver sears you!
* * * LOW HITPOINT WARNING * * *
The merfolk siren chants its luring song.
You block the manticore's attack. The manticore misses you.
The manticore closely misses you.
The merfolk siren chants its luring song.
You feel much better.
* * * LOW HITPOINT WARNING * * *
Your lungs strain for air!
Your surroundings suddenly seem different.
A cyclops, 4 dream sheep, a merfolk avatar and a merfolk come into view.
You gasp with relief as air once again reaches your lungs.
You break out of your daze!
The cyclops shouts!
The dream sheep bleats! x3; The merfolk avatar shouts!
The merfolk shouts!
You hear a bleat!
The merfolk avatar chants a haunting song.
You resist.
The dream sheep shake their wool and sparkle.
You feel drowsy...
You fall asleep.
The merfolk avatar chants a haunting song.
You resist.
The dream sheep splashes around in the water.
The dream sheep bites you but does no damage.
The merfolk avatar chants a haunting song.
You resist.
The merfolk hits you from afar with a +0 trident!!!
You die...

≈≈≈≈≈≈≈≈≈≈≈≈≈≈≈
≈≈≈≈≈≈≈≈≈≈≈≈≈≈≈
≈≈≈≈≈≈≈≈≈≈≈≈≈≈≈
≈≈≈≈≈≈≈≈≈≈≈≈≈≈≈
≈≈≈≈≈≈≈≈≈≈≈≈≈≈≈
≈≈≈≈≈≈≈≈≈≈≈≈≈≈≈
≈≈≈≈≈m≈≈≈≈≈≈≈≈≈
≈≈≈≈≈≈≈@≈≈≈≈≈≈≈
.≈≈≈≈YYY≈≈≈≈≈≈≈
..≈≈≈≈≈≈≈≈≈≈≈≈≈
.≈≈≈≈≈C≈≈≈≈≈≈≈≈
m≈≈≈≈≈≈≈≈≈≈≈≈≈≈
≈≈≈≈≈Y≈≈≈≈≈≈≈≈≈
≈≈≈≈≈#####≈≈≈≈≈
≈≈≈≈# #≈≈≈≈


You could see a merfolk avatar, a merfolk, a cyclops and 4 dream sheep.

Vanquished Creatures
  A profane servitor (Abyss:3)
  A hellephant (Abyss:3)
  Jorgrun (D:15)
  Rupert (Lair:3)
  A deep elf blademaster (Elf:3)
  Asterion (Elf:2)
  A deep elf master archer (Elf:3)
  Agnes (Elf:1)
  Gastronok (D:8)
  A kraken (Shoals:1)
  Kirke (Lair:3)
  A tengu reaver (D:14)
  A storm dragon (D:14)
  Roxanne (D:14)
  Donald (Snake:1)
  A nagaraja (Snake:2)
  A frost giant (IceCv)
  6 deep elf sorcerers (Elf:3)
  2 orc warlords (Orc:2)
  7 deep elf elementalists (Elf:3)
  A war gargoyle (D:14)
  A shard shrike simulacrum (Abyss:3)
  A very ugly thing (D:15)
  7 deep elf annihilators (Elf:3)
  3 deep elf demonologists (Elf:3)
  A minotaur (Gauntlet)
  3 deep elf death magi
  4 crystal guardians (Elf:3)
  2 merfolk javelineers
  The ghost of Ravvyt Pui the Grappler, a journeyman TrEE (D:12)
  A fire dragon (D:15)
  7 deep elf high priests (Elf:3)
  A rakshasa (D:14)
  2 merfolk impalers (Shoals:1)
  12 hydras
  6 anacondas
  A naga warrior (Snake:2)
  An ogre mage (D:15)
  The ghost of 101zpm the Thaumaturge, a journeyman DjFE of Hepliaklqana (D:10)
  8 vault guards (D:14)
  2 alligator snapping turtles
  A death knight (D:13)
  3 merfolk avatars
  Erica (D:8)
  5 merfolk aquamancers
  6 boulder beetles
  4 two-headed ogres
  A satyr (Shoals:3)
  2 centaur warriors (D:14)
  4 orc high priests
  8 death yaks
  The ghost of H0rd4k the Carver, a novice HuAr of Gozag (D:9)
  16 dancing weapons
  2 thrashing horrors (Abyss:3)
  Urug (D:12)
  Sonja (Lair:3)
  3 deep elf knights
  Nergalle (Lair:3)
  2 wretched stars (Abyss:3)
  14 sea snakes
  A goliath frog (Lair:6)
  2 sixfirhies (Gauntlet)
  5 large abominations
  6 skeletal warriors
  A glowing orange brain (D:15)
  An obsidian statue (Gauntlet)
  2 phantasmal warriors
  4 deep elf archers
  2 naga ritualists
  A wizard (D:15)
  17 deep elf pyromancers
  A lindwurm (Lair:6)
  6 mana vipers
  9 harpies (Shoals:1)
  5 necromancers (Elf:1)
  4 orc knights (Orc:2)
  17 deep elf zephyrmancers
  6 cyclopes
  3 salamanders (Snake:2)
  13 fauns
  9 ugly things
  8 manticores
  An oklob plant (Lair:4)
  A salamander (shapeshifter) (D:15)
  13 orc sorcerers
  2 smoke demons
  6 merfolk sirens
  Maurice (Orc:2)
  A worldbinder (Abyss:3)
  16 elephants
  An ice statue (IceCv)
  22 black mambas
  2 cane toads (shapeshifter)
  5 naga magi
  5 water nymphs
  22 cane toads
  5 gargoyles
  A torpor snail (Lair:5)
  A rime drake (IceCv)
  12 komodo dragons
  A kobold demonologist (D:9)
  An unseen horror (D:12)
  A freezing wraith (D:13)
  14 merfolk
  An ancient zyme (Abyss:3)
  A harpy zombie (Abyss:3)
  A queen bee (Lair:1)
  8 trolls
  A wolf spider simulacrum (D:15)
  10 polar bears (IceCv)
  12 slime creatures
  3 hornets
  3 wind drakes
  4 tyrant leeches (Lair:6)
  11 dream sheep
  24 blink frogs
  8 snapping turtles
  A ynoxinul (Abyss:3)
  3 shadows
  Sigmund (D:6)
  4 air elementals
  A human (shapeshifter) (D:13)
  6 wraiths
  58 yaks
  13 water elementals
  10 wyverns
  A wyvern (shapeshifter) (Elf:1)
  2 steam dragons
  7 basilisks
  2 fire elementals (Elf:3)
  3 hogs
  A human (Lair:4)
  A neqoxec (Gauntlet)
  2 chaos spawn (Gauntlet)
  4 small abominations (Abyss:3)
  Eustachio (D:5)
  9 vampire mosquitoes
  3 wargs
  14 nagas
  2 acid dragons
  14 water moccasins
  4 hell hounds (Volcano)
  An ice beast (D:6)
  36 orc warriors
  A sky beast (D:6)
  2 black bears (D:4)
  A necrophage (D:7)
  9 centaurs
  4 boggarts (D:15)
  12 ogres
  5 phantoms
  19 wolves
  2 elf zombies (Elf:1)
  A kobold brigand (D:8)
  A wyvern zombie (D:8)
  19 bullfrogs
  2 gnoll sergeants
  15 scorpions
  2 earth elementals
  3 wyvern skeletons
  12 wights
  30 killer bees
  2 electric eels
  2 howler monkeys
  A lava snake (D:9)
  5 centaur zombies
  A bullfrog zombie (D:6)
  3 hounds
  2 gnoll shamans
  4 human zombies (Ossuary)
  22 orc priests
  A centaur skeleton (D:7)
  Jessica (D:2)
  2 iguanas
  19 orc wizards
  3 scorpion zombies (Ossuary)
  A spriggan simulacrum (D:11)
  2 troll simulacra (D:11)
  A killer bee zombie (D:7)
  3 mummies (Ossuary)
  A hound skeleton (D:4)
  A howler monkey skeleton (D:7)
  2 howler monkey zombies
  13 gnolls
  15 adders
  A naga simulacrum (D:11)
  9 river rats
  A white imp (D:7)
  2 ufetubi
  An adder zombie (D:5)
  An adder skeleton (D:4)
  3 worms
  2 dart slugs
  65 orcs
  19 ball pythons
  5 bats
  9 endoplasms
  6 giant cockroaches
  5 gnoll zombies (Ossuary)
  3 goblins
  4 hobgoblins
  4 jackals (D:5)
  7 kobolds
  2 quokkas
  5 frilled lizards
  3 goblin zombies (Ossuary)
  2 hobgoblin zombies (Ossuary)
  A kobold zombie (Ossuary)
  An orc zombie (Ossuary)
  24 rats
  A butterfly (Lair:1)
  A plant (Shoals:3)
1156 creatures vanquished.

Vanquished Creatures (others)
  A vampire knight (D:14)
  Nessos (D:14)
  2 deep elf pyromancers
  A manticore (Shoals:3)
  A kobold (D:8)
  50 fungi
  137 plants
  7 tentacles (Shoals:1)
200 creatures vanquished.

Grand Total: 1356 creatures vanquished

Notes
Turn   | Place    | Note
-------+----------+-------------------------------------------
     0 | D:1      | Peloso the Minotaur Fighter began the quest for the Orb.
     0 | D:1      | Reached XP level 1. HP: 19/19 MP: 0/0
     6 | D:1      | Found a faded altar of an unknown god.
   193 | D:1      | Reached XP level 2. HP: 27/27 MP: 1/1
   662 | D:1      | Reached skill level 4 in Shields
   832 | D:1      | Gained mutation: Your magical capacity is low. (-10% MP)
                  | [potion of mutation]
   832 | D:1      | Gained mutation: You are agile. (Dex +2) [potion of
                  | mutation]
  1176 | D:2      | Reached XP level 3. HP: 24/33 MP: 1/1
  1817 | D:2      | Reached XP level 4. HP: 40/40 MP: 2/2
  2097 | D:2      | Noticed Jessica
  2114 | D:2      | Killed Jessica
  2744 | D:3      | Noticed a scorpion
  2749 | D:3      | Killed a scorpion
  2750 | D:3      | Reached XP level 5. HP: 42/47 MP: 3/3
  3337 | D:4      | Found a staircase to the Ecumenical Temple.
  3345 | Temple   | Entered the Ecumenical Temple
  3452 | Temple   | Became a worshipper of Warmaster Okawaru
  3496 | D:4      | Reached skill level 5 in Long Blades
  3496 | D:4      | Reached skill level 1 in Dodging
  3520 | D:4      | Noticed a black bear
  3537 | D:4      | Killed a black bear
  3538 | D:4      | Reached skill level 5 in Armour
  3538 | D:4      | Reached XP level 6. HP: 46/55 MP: 4/4
  3631 | D:4      | Reached * piety under Okawaru
  3632 | D:4      | Reached skill level 5 in Fighting
  3826 | D:4      | Reached XP level 7. HP: 23/61 MP: 5/5
  4147 | D:4      | Found an ancient bone altar of Kikubaaqudgha.
  4353 | D:4      | Reached skill level 5 in Shields
  4717 | D:5      | Entered Level 5 of the Dungeon
  4861 | D:5      | Noticed Eustachio
  4871 | D:5      | Killed Eustachio
  4871 | D:5      | Reached ** piety under Okawaru
  4872 | D:5      | Reached XP level 8. HP: 61/70 MP: 6/6
  4937 | D:5      | Found a glowing drain.
  4944 | Sewer    | Entered a sewer
  5006 | Sewer    | Reached skill level 6 in Shields
  5297 | D:5      | Found a sand-covered staircase.
  5305 | Ossuary  | Entered an ossuary
  5726 | Ossuary  | Reached skill level 1 in Stealth
  6150 | Ossuary  | Reached XP level 9. HP: 55/79 MP: 7/7
  6278 | Ossuary  | Reached *** piety under Okawaru
  7078 | D:6      | Noticed Sigmund
  7089 | D:6      | Killed Sigmund
  7262 | D:6      | Reached skill level 10 in Long Blades
  7331 | D:5      | Received a gift from Okawaru
  7332 | D:5      | Reached skill level 7 in Shields
  8018 | D:6      | Reached skill level 5 in Dodging
  8064 | D:6      | Noticed a gargoyle
  8069 | D:6      | Killed a gargoyle
  8848 | D:6      | Noticed a troll
  8856 | D:6      | Killed a troll
  8857 | D:6      | Reached XP level 10. HP: 72/88 MP: 5/8
  9034 | D:7      | Found Qicunyb's Magic Scroll Shoppe.
  9045 | D:7      | Reached **** piety under Okawaru
  9054 | D:7      | Bought a scroll of magic mapping for 49 gold pieces
  9054 | D:7      | Bought a scroll of identify for 28 gold pieces
  9128 | D:7      | Found Pofeojeu's Magic Scroll Shoppe.
  9203 | D:7      | Found Ebbegegh's Antique Armour Shop.
  9209 | D:7      | Bought a pair of runed boots for 172 gold pieces
  9239 | D:7      | Found Casmuwkoimu's Antique Armour Emporium.
  9307 | D:7      | Reached skill level 1 in Invocations
  9732 | D:7      | Got the Guide on Venomous Snow
  9741 | D:7      | Found the +7 great mace "Undeadhunter" {disrupt, rN+}
  9796 | D:7      | Paralysed by a hornet for 1 turns
 10171 | D:7      | Found Qyagawi's Weapon Shoppe.
 10284 | D:7      | Identified the +5 flail of Prudence {vorpal, Dex+2}
 10416 | D:8      | Noticed Erica
 10780 | D:8      | Reached ***** piety under Okawaru
 10797 | D:8      | Reached skill level 8 in Shields
 10820 | D:8      | Killed Erica
 11147 | D:8      | Noticed Gastronok
 11147 | D:8      | Noticed a two-headed ogre
 11170 | D:8      | Killed a two-headed ogre
 11171 | D:8      | Reached XP level 11. HP: 94/95 MP: 6/9
 11190 | D:8      | Killed Gastronok
 11190 | D:8      | Received a gift from Okawaru
 11299 | D:7      | Reached skill level 10 in Armour
 11357 | D:7      | Received a gift from Okawaru
 11803 | D:9      | Found a runed translucent door.
 11803 | D:9      | Noticed H0rd4k's ghost (novice HuAr)
 12284 | D:9      | Reached skill level 10 in Fighting
 12290 | D:9      | Reached skill level 9 in Shields
 12894 | D:8      | Identified the ring of Nenust {MP+9 Str+2 Int+3 SInv}
 13006 | D:7      | Bought a pair of twisted gloves for 209 gold pieces
 13006 | D:7      | Identified the +2 pair of gloves of Loag {rElec Int-4
                  | Dex+6} (You bought it in a shop on level 7 of the Dungeon)
 13087 | D:10     | Entered Level 10 of the Dungeon
 13157 | D:9      | Killed H0rd4k's ghost
 13157 | D:9      | Identified the +6 scale mail "Favucup" {Str+6 SInv}
                  | (Okawaru gifted it to you on level 9 of the Dungeon)
 13157 | D:9      | Received a gift from Okawaru
 13229 | D:10     | Found a staircase to the Lair.
 13397 | D:10     | Noticed a red ugly thing
 13408 | D:10     | Killed a red ugly thing
 13424 | D:10     | Reached ****** piety under Okawaru
 13449 | D:10     | Found a runed translucent gate.
 13450 | D:10     | Noticed 101zpm's ghost (journeyman DjFE)
 13451 | D:10     | Found a runed translucent gate.
 13452 | D:10     | Found a runed translucent gate.
 13743 | D:10     | Reached XP level 12. HP: 104/108 MP: 11/11
 13864 | D:10     | Identified the +4 leather armour "Tausieh" {rElec Str+6}
 13936 | D:10     | Found a staircase to the Orcish Mines.
 14281 | D:11     | Found a frozen archway.
 14385 | IceCv    | Entered an ice cave
 14764 | IceCv    | Reached skill level 15 in Long Blades
 14792 | IceCv    | Noticed a death yak
 14804 | IceCv    | Killed a death yak
 15150 | IceCv    | Noticed a death yak
 15168 | IceCv    | Killed a death yak
 15168 | IceCv    | Received a gift from Okawaru
 15392 | IceCv    | Noticed a death yak
 15392 | IceCv    | Noticed a frost giant
 15392 | IceCv    | Noticed a death yak
 15399 | IceCv    | Killed a death yak
 15400 | IceCv    | Reached skill level 10 in Shields
 15402 | IceCv    | Killed a death yak
 15412 | IceCv    | Killed a frost giant
 15428 | IceCv    | Found the +4 skin of Zhor {*Englaciate rC+++ SInv}
 15442 | IceCv    | Got the Papyrus of Shifting Conjuration
 15809 | D:11     | Reached XP level 13. HP: 119/119 MP: 12/12
 16902 | Lair:1   | Entered Level 1 of the Lair of Beasts
 17234 | Lair:1   | Identified the +6 long sword "Riamm" {flame, Drain +Blink
                  | rElec Int+3} (Okawaru gifted it to you on level 1 of the
                  | Lair of Beasts)
 17234 | Lair:1   | Received a gift from Okawaru
 17238 | Lair:1   | Reached skill level 11 in Shields
 17240 | Lair:1   | Reached skill level 1 in Evocations
 18462 | Lair:2   | Found a staircase to the Shoals.
 19111 | Lair:2   | Found a staircase to the Snake Pit.
 19657 | Lair:3   | Identified the +0 pair of boots "Pixunocs" {Int+4} (Okawaru
                  | gifted it to you on level 3 of the Lair of Beasts)
 19657 | Lair:3   | Received a gift from Okawaru
 19662 | Lair:3   | Reached skill level 12 in Shields
 19752 | Lair:3   | Noticed Sonja
 19756 | Lair:3   | Killed Sonja
 19879 | Lair:3   | Noticed Rupert
 19895 | Lair:3   | Killed Rupert
 20086 | Lair:3   | Noticed Nergalle
 20101 | Lair:3   | Killed Nergalle
 20454 | Lair:4   | Reached XP level 14. HP: 108/129 MP: 13/13
 20806 | Lair:4   | Reached skill level 13 in Shields
 21702 | Lair:4   | Noticed Kirke
 22076 | Lair:3   | Noticed a sphinx
 22314 | Lair:3   | Killed Kirke
 22719 | D:12     | Found a gate leading to a gauntlet.
 22728 | Gauntlet | Entered a Gauntlet
 22728 | Gauntlet | Found a transporter.
 22728 | Gauntlet | Found a transporter.
 22733 | Gauntlet | Found a transporter.
 22748 | Gauntlet | Found a transporter.
 22765 | Gauntlet | Found a transporter.
 22779 | Gauntlet | Found a transporter.
 22800 | Gauntlet | Found a transporter.
 22874 | Gauntlet | Found a transporter.
 22901 | Gauntlet | Found a transporter.
 22928 | Gauntlet | Found a transporter.
 22951 | Gauntlet | Found a transporter.
 22958 | Gauntlet | Found a transporter.
 22978 | Gauntlet | Found a transporter.
 22992 | Gauntlet | Found a transporter.
 23032 | Gauntlet | Found a transporter.
 23048 | Gauntlet | Found a transporter.
 23199 | Gauntlet | Identified the amulet "Rithocw" {Acrobat rElec}
 23271 | Gauntlet | Identified the amulet of Moderation {Reflect -Cast +Blink
                  | Int-4 SH+5 SInv}
 23309 | Gauntlet | Identified the +9 flail of Responsibility {antimagic,
                  | Int+3}
 23316 | Gauntlet | Identified the +7 war axe of Crystal {vorpal, rF+ rN++
                  | Int+4 Stlth+}
 23316 | Gauntlet | Identified the +0 helmet "Ecuss" {Str+4}
 23820 | D:12     | Reached skill level 14 in Shields
 23869 | D:12     | Found a runed translucent gate.
 23870 | D:12     | Found a runed translucent gate.
 23882 | D:12     | Found a runed translucent gate.
 23883 | D:12     | Noticed Ravvyt Pui's ghost (journeyman TrEE)
 24319 | D:12     | Noticed Urug
 24327 | D:12     | Killed Urug
 24605 | D:12     | Killed Ravvyt Pui's ghost
 24605 | D:12     | Received a gift from Okawaru
 24624 | D:12     | Identified the amulet "Erghuf" {Acrobat rC++ Dex+3}
 24738 | D:10     | Killed 101zpm's ghost
 24771 | D:10     | Identified the +1 fire dragon scales of Eternal Vigilance
                  | {rF++ rC- Will+ Int+9 Dex-4}
 24923 | Orc:1    | Entered Level 1 of the Orcish Mines
 25459 | Orc:2    | Entered Level 2 of the Orcish Mines
 25463 | Orc:2    | Found Ytid's Antique Armour Emporium.
 25613 | Orc:2    | Noticed an orc warlord
 25643 | Orc:2    | Noticed Maurice
 25646 | Orc:2    | Killed an orc warlord
 25668 | Orc:2    | Reached skill level 15 in Shields
 25681 | Orc:2    | Killed Maurice
 25910 | Orc:2    | Noticed an orc warlord
 26259 | Orc:2    | Found a staircase to the Elven Halls.
 26394 | Orc:2    | Killed an orc warlord
 26395 | Orc:2    | Reached XP level 15. HP: 96/139 MP: 14/14
 26826 | Orc:2    | Identified the +0 gold dragon scales "Dankicav" {*Slow
                  | rElec rPois rF+ rC+ Dex+4} (Okawaru gifted it to you on
                  | level 2 of the Orcish Mines)
 26826 | Orc:2    | Received a gift from Okawaru
 26837 | Orc:2    | Reached skill level 10 in Dodging
 27061 | Orc:2    | Found Aroaxynowk's Book Shoppe.
 27093 | Orc:2    | Found Qiack's Jewellery Shop.
 27102 | Orc:2    | Found Rugresesack's Book Shoppe.
 27102 | Orc:2    | Found Fiubluz's Book Shop.
 27398 | Orc:2    | Bought an embroidered hat for 217 gold pieces
 27627 | D:12     | Reached skill level 16 in Shields
 28458 | D:13     | Got the Reference Book on Earth and Black Magic
 29186 | D:14     | Noticed Nessos
 29199 | D:14     | Killed Nessos
 29206 | D:14     | HP: 6/139 [poisoned by Nessos]
 29643 | D:14     | Found a gate to the Vaults.
 29673 | D:14     | Reached skill level 15 in Fighting
 29791 | D:14     | Identified the +0 ring mail of Isiwnaw {rPois Dex+4}
                  | (Okawaru gifted it to you on level 14 of the Dungeon)
 29791 | D:14     | Received a gift from Okawaru
 29792 | D:14     | Noticed Roxanne
 29806 | D:14     | Killed Roxanne
 29807 | D:14     | Reached skill level 17 in Shields
 29870 | D:14     | Identified the ring of Arghef {rElec rF+ Str+6 Slay+3}
 29899 | D:14     | Found a sparkling altar of Nemelex Xobeh.
 30575 | D:14     | Noticed a storm dragon
 30579 | D:14     | Noticed a tengu reaver
 30588 | D:14     | Killed a storm dragon
 30598 | D:14     | Killed a tengu reaver
 30712 | D:14     | Identified the +4 morningstar "Wiorhel" {antimagic, rF-
                  | rCorr Dex+5}
 30714 | D:14     | Got the Reference Book on Scorching Summoning
 31163 | Lair:5   | Found a dark tunnel.
 31177 | Volcano  | Entered a volcano
 31741 | Lair:5   | Reached XP level 16. HP: 149/149 MP: 15/15
 32159 | Lair:6   | Entered Level 6 of the Lair of Beasts
 32173 | Lair:6   | Found a staircase to the Slime Pits.
 32286 | Lair:6   | Reached skill level 18 in Shields
 32290 | Lair:6   | Found a viscous altar of Jiyva.
 32431 | Lair:6   | Identified the +7 falchion "Faranyph" {venom, Fly rElec
                  | rCorr Stlth-} (Okawaru gifted it to you on level 6 of the
                  | Lair of Beasts)
 32431 | Lair:6   | Received a gift from Okawaru
 32915 | Lair:6   | Identified the +1 chain mail of Privacy {rPois}
 33645 | D:15     | Entered Level 15 of the Dungeon
 33759 | D:15     | Paralysed by an ogre mage for 6 turns
 34066 | D:15     | Found a hide-covered altar of Uskayaw.
 34235 | D:15     | Noticed Jorgrun
 34246 | D:15     | Killed Jorgrun
 34246 | D:15     | Received a gift from Okawaru
 34337 | D:15     | Found a staircase to the Depths.
 34347 | D:15     | Reached skill level 19 in Shields
 34948 | Snake:1  | Entered Level 1 of the Snake Pit
 35221 | Snake:1  | Found Osikod's CLEARANCE SALE!.
 35230 | Snake:1  | Bought the amulet of Azycynaf {Reflect Drain rElec Regen+
                  | Int+6 SH+5} for 204 gold pieces
 35278 | Snake:1  | Identified the +4 glaive of the Pyrrhic Victory {spect, rF+
                  | Dex+3}
 35409 | Snake:1  | You are sucked into a shaft and drop 1 floor!
 35490 | Snake:2  | Received a gift from Okawaru
 35498 | Snake:2  | Found Enueluil's Self-Improvement Boutique.
 35829 | Snake:1  | Noticed Donald
 35837 | Snake:1  | Killed Donald
 35839 | Snake:1  | Found an ancient bone altar of Kikubaaqudgha.
 36271 | Snake:1  | Identified a scroll of acquirement
 36339 | Snake:2  | Reached skill level 20 in Shields
 36444 | Snake:2  | Reached XP level 17. HP: 159/159 MP: 16/16
 36967 | Shoals:1 | Entered Level 1 of the Shoals
 37102 | Shoals:1 | Received a gift from Okawaru
 37740 | Shoals:1 | Noticed a kraken
 37757 | Shoals:1 | Killed a kraken
 38028 | Shoals:2 | Reached skill level 21 in Shields
 39484 | Elf:1    | Entered Level 1 of the Elven Halls
 39518 | Elf:1    | Identified the +6 long sword "Agioblin" {spect, Dex+3 SInv}
                  | (Okawaru gifted it to you on level 1 of the Elven Halls)
 39518 | Elf:1    | Received a gift from Okawaru
 39633 | Elf:1    | Noticed Agnes
 39640 | Elf:1    | Killed Agnes
 39736 | Elf:1    | Found Bigh's Magic Scroll Shoppe.
 39757 | Elf:1    | Bought a scroll of magic mapping for 63 gold pieces
 39877 | Elf:1    | Reached skill level 15 in Armour
 40029 | Elf:1    | Got the Disquisition on Black Rituals
 40075 | Elf:1    | Found Wisk's Weapon Emporium.
 40085 | Elf:1    | Paralysed by an air elemental for 1 turns
 40126 | Elf:1    | Found Siupp's Book Emporium.
 40263 | Elf:1    | Paralysed by an air elemental for 1 turns
 40297 | Elf:1    | Got the Tome of the Jabberwock
 40758 | Elf:2    | Received a gift from Okawaru
 40883 | Elf:2    | Reached skill level 22 in Shields
 40926 | Elf:2    | Noticed Asterion
 40943 | Elf:2    | Killed Asterion
 41113 | Elf:2    | Found Ithramnib's Assorted Antiques.
 41134 | Elf:2    | Bought a glowing demon blade for 432 gold pieces
 41134 | Elf:2    | Bought a potion of berserk rage for 120 gold pieces
 41161 | Elf:2    | Reached XP level 18. HP: 170/170 MP: 17/17
 41171 | Elf:2    | Found a runed translucent gate.
 41171 | Elf:2    | Found a runed translucent gate.
 41171 | Elf:2    | Found a runed translucent gate.
 41589 | Elf:3    | Entered Level 3 of the Elven Halls
 41645 | Elf:3    | Found Zagrua's Distillery.
 41666 | Elf:3    | Bought a potion of resistance for 140 gold pieces
 41666 | Elf:3    | Bought a potion of berserk rage for 70 gold pieces
 41666 | Elf:3    | Bought a potion of berserk rage for 70 gold pieces
 42208 | Elf:3    | Identified the +8 scimitar "Kedeuced" {antimagic, Str-3
                  | Int+6} (Okawaru gifted it to you on level 3 of the Elven
                  | Halls)
 42208 | Elf:3    | Received a gift from Okawaru
 42386 | Elf:3    | Cast into level 3 of the Abyss (a deep elf sorcerer)
 42475 | Abyss:3  | Noticed a hellephant
 42523 | Abyss:3  | Killed a hellephant
 42725 | Abyss:3  | Noticed a profane servitor
 42739 | Abyss:3  | Killed a profane servitor
 42756 | Elf:3    | Escaped the Abyss
 43115 | Elf:3    | Noticed a Hell Sentinel
 43188 | Elf:3    | Received a gift from Okawaru
 43189 | Elf:3    | Reached skill level 23 in Shields
 43278 | Elf:3    | Identified the +8 triple sword "Syntezudo" {drain, Fragile
                  | rElec rF+}
 43641 | Elf:3    | Got the Handbook of Orientation and Shape Shifting
 43668 | Elf:3    | Got the Incunabulum of Orientation and Ice
 44555 | Shoals:3 | Identified the +5 scale mail of the Pit {rElec rPois Int-5
                  | Dex-4} (Okawaru gifted it to you on level 3 of the Shoals)
 44555 | Shoals:3 | Received a gift from Okawaru
 44624 | Shoals:3 | Identified the +7 quarterstaff of Tasoschi {flame, Will+}
 45281 | Shoals:4 | Entered Level 4 of the Shoals
 45413 | Shoals:4 | Noticed Ilsuiw
 45442 | Shoals:4 | HP: 7/164 [manticore (8)]
 45449 | Shoals:4 | HP: 7/157 [merfolk impaler/+0 demon trident of draining
                  | (2)]
 45452 | Shoals:4 | Mangled by a merfolk

Illustrated notes

Levels and vault maps discovered:
D:1:      nzn_arrival_crosshair, layout_basic, chequers_ecumenical_altar_simple
D:2:      layout_basic, small_statue_intersection, st_stairs_10,
          minmay_door_square, minmay_misc_feat_enclosed,
          nicolae_elevator_lobby_asterisk, uniq_jessica
D:3:      layout_loops_corners
D:4:      layout_loops_ring, mainiacjoe_overflow_paths,
          minmay_temple_entry_tees, minmay_manual_maat
D:5:      layout_basic, gup_sewer_entry_bubbles, chequers_ossuary_entry_cave,
          kennysheep_generic_room_6, uniq_eustachio
D:6:      layout_layer_cave, hangedman_abyss_or_decor_stabs, kb_rosetta,
          uniq_sigmund
D:7:      minmay_bubble_buster, layout_rooms, serial_shops,
          nicolae_lakefront_shop, kennysheep_mini, nicolae_stop_n_shop_1,
          nicolae_square_shop, nicolae_shop_crystal, serial_park_tiny_2,
          minmay_the_grid_2x2 [minmay_the_grid_minigrid_medium,
          minmay_the_grid_x, minmay_the_grid_outer_circle,
          minmay_the_grid_prize_trominoes]
D:8:      layout_rooms, uniq_gastronok, uniq_erica
D:9:      layout_cave_pools, hellmonk_ghost_happy_afterlife,
          kennysheep_opposing_triangles
D:10:     layout_loops_corners, lair_entry_dummy, minmay_orc_entry_temple_small,
          biasface_ghost_orc_armoury, nrook_mini_vaults
D:11:     layout_roguey, portal_ice_cave_entry_ice_simulacra, st_stairs_11,
          small_statue_intersection, water_boxes_lemuel
D:12:     layout_gridville, gammafunk_ghost_hydra_chop, gauntlet_entry_generic,
          uniq_urug
D:13:     layout_cross, minmay_variable_closet, nicolae_two_hexagons
D:14:     layout_grid_maze, erik_vaults_2, nemelex_lonely_heart_becter,
          minmay_diamond_spiral, uniq_nessos, uniq_roxanne
D:15:     gammafunk_enter_depths_forms, layout_basic, nicolae_uskayaw_suspiria,
          serial_park_tiny_2, uniq_jorgrun
Temple:   kilobyte_greek_temple
Lair:1:   layout_cellular_growth, special_room [special_room_bee],
          lemuel_fruit_fields, grunt_megastairs_1
Lair:2:   layout_layer_cave, shoals_dummy_entry,
          minmay_snake_entry_guardpost_medium, serial_bayou_shore_b,
          serial_bayou_shore_b, serial_bayou_shore_a
Lair:3:   layout_long_grid, lemuel_fruit_tree, serial_bayou_shore_b,
          grunt_megastairs_2, lemuel_fruit_fields, uniq_rupert, uniq_nergalle,
          uniq_sonja
Lair:4:   layout_cave_pods, uniq_kirke
Lair:5:   layout_cave_pods, nicolae_volcano_entry_lava_flow
Lair:6:   minmay_lair_end_frog_pond, layout_regular_city, slime_altar_1,
          minivault_11
Shoals:1: layout_shoals
Shoals:2: cheibrodos_shoals_three_sisters, layout_shoals
Shoals:3: layout_shoals, nicolae_shoals_hidden_pirate_stash
Shoals:4: shoals_end_simple, layout_shoals, shoals_ilsuiw_ice
Snake:1:  layout_layer_cave, basic_altar, nicolae_shop_clearance, uniq_donald
Snake:2:  layout_gridlike, nicolae_shop_self_help, serial_bayou_shore_b,
          serial_bayou_shore_b
Orc:1:    layout_caves, abandoned_shop
Orc:2:    st_orc_elflike, layout_caves, serial_shops,
          nicolae_shop_temple_entry_statues_fountains, uniq_maurice
Elf:1:    nicolae_elf_arrival_no_cutting_in_line, layout_loops_corners,
          serial_shops, nicolae_shop_bloodbath_and_beyond, shop,
          nicolae_shop_statue_plus, minmay_elf_necromancy,
          minmay_misc_feat_cross, uniq_agnes
Elf:2:    nicolae_elf_blades_splatter_lattice
          [nicolae_blade_entry_hurt_lockers], layout_geoelf_octagon,
          serial_shops, nicolae_shop_advertising_works
          [nicolae_subvault_shop_adworks], uniq_asterion
Elf:3:    minmay_elf_hall_golems, layout_loops_corners, serial_shops,
          nicolae_shop_waterfront

Skill      XL: |  1  2  3  4  5  6  7  8  9 10 11 12 13 14 15 16 17 18 |
---------------+-------------------------------------------------------+-----
Shields        | 4 5 6 7 8 9 10 12 15 17 20 22 23 | 23.7
Fighting       | 4 5 6 7 8 10 12 13 14 15 16 17 18 | 18.0
Armour         | 4 5 6 7 8 9 10 11 12 13 14 15 16 | 16.3
Long Blades    | 3 4 5 6 8 10 12 14 16 17 18 19 20 | 20.7
Dodging        | 1 2 3 5 6 7 8 9 10 | 10.7
Stealth        | 1 2 3 |  3.2
Invocations    | 1 2 3 |  3.5
Evocations     | 1 2 |  2.1
Unarmed Combat | |  0.7

Action                   |  1- 3 |  4- 6 |  7- 9 | 10-12 | 13-15 | 16-18 || total
-------------------------+-------+-------+-------+-------+-------+-------++-------
Melee: Long sword        |    49 |    94 |   418 |   154 |       |       ||   715
       Headbutt          |     5 |    11 |    80 |   130 |   300 |   465 ||   991
       Scimitar          |       |       |       |   286 |   685 |       ||   971
       Double sword      |       |       |       |   140 |   425 |   219 ||   784
       Unarmed           |       |       |       |       |     9 |       ||     9
       Demon blade       |       |       |       |       |    53 |   195 ||   248
       Falchion          |       |       |       |       |       |  1097 ||  1097
Invok: Heroism           |       |       |     7 |    14 |    21 |    13 ||    55
Evoke: Wand              |       |       |       |     2 |    16 |     7 ||    25
  Use: Potion            |     3 |       |     3 |     4 |     5 |    12 ||    27
       Scroll            |     1 |       |    17 |     3 |     3 |     9 ||    33
 Stab: Distracted        |       |       |       |       |       |     1 ||     1
Armor: Scale mail        |    10 |       |       |       |       |       ||    10
       Pearl dragon scal |     2 |    69 |   281 |   247 |   268 |       ||   867
       Gold dragon scale |       |       |       |       |    12 |   372 ||   384
       Fire dragon scale |       |       |       |       |     8 |       ||     8
Dodge: Dodged            |    25 |    55 |   307 |   305 |   343 |   356 ||  1391
Block: Buckler           |    12 |    29 |   143 |   172 |       |       ||   356
       Tower shield      |       |       |       |     4 |  1452 |  1631 ||  3087
       Reflection        |       |       |       |       |    46 |    86 ||   132
       Other             |       |       |       |       |     2 |       ||     2
